[Event "Titled Tuesday Blitz April 26 Late 2022"]
[White "Kozin, Yuri"]
[Black "Miszler, Levente"]
[WhiteFideId "4129920"]
[BlackFideId "763276"]
[WhiteElo "2563"]
[BlackElo "1966"]
[Result "1/2-1/2"]
[Round "04"]
[TimeControl "180+1"]
[Date "2022.04.26"]
[WhiteClock "0:00:17"]
[BlackClock "0:00:19"]

1. e4 e6 2. d4 d5 3. Nd2 f5 4. exf5 exf5 5. Ngf3 Nf6 6. c4 c6 7. cxd5 cxd5 8. Bb5+ Bd7 9. Bd3 Bd6 10. O-O O-O 11. Nb3 Nc6 12. Nc5 Qc7 13. Nxd7 Qxd7 14. Bb5 Ne4 15. Qb3 Kh8 16. Ne5 Bxe5 17. dxe5 Qe6 18. f3 Nc5 19. Qc3 Nd7 20. f4 Rac8 21. Qa3 a6 22. Bd3 Nd4 23. Be3 Nc2 24. Bxc2 Rxc2 25. Qb3 Rc7 26. Rad1 Nc5 27. Bxc5 Rxc5 28. Qxb7 Rb5 29. Qc7 Rxb2 30. Qc5 Rd8 31. a4 h6 32. Rf2 Rxf2 33. Qxf2 Qc6 34. Qd2 d4 35. a5 d3 36. Qe3 Qc2 37. Rd2 Qc4 38. Kf2 Rd4 39. g3 Kh7 40. e6 Re4 41. Qxd3 Qc5+ 42. Kf3 Rxe6 43. Re2 Rxe2 44. Qxe2 Qxa5 45. Qe6 Qb5 46. h4 a5 47. h5 Qd3+ 48. Kf2 Qd2+ 49. Kf3 Qd1+ 50. Kf2 Qxh5 51. Qe5 Qh2+ 52. Kf3 Qh1+ 53. Kf2 Qh2+ 54. Kf3 Qh5+ 55. Kg2 a4 56. Qa5 Qe2+ 57. Kh3 Qe4 58. Kh2 Qc2+ 59. Kh3 Qd3 60. Qxa4 Qf1+ 61. Kh2 Qf2+ 62. Kh3 Qf3 63. Kh2 h5 64. Qd7 Qe2+ 65. Kh3 Qg4+ 66. Kh2 h4 67. Qd3 hxg3+ 68. Qxg3 Qxg3+ 69. Kxg3 Kh6 70. Kh4 Kg6 71. Kg3 Kh5 72. Kh3 g6 73. Kg3 g5 74. fxg5 Kxg5 75. Kf3 f4 76. Kf2 Kf5 77. Kf3 Ke5 78. Kf2 Ke4 79. Ke2 f3+ 80. Kf2 Kf4 81. Kf1 Kg4 82. Kf2 Kf4 83. Kf1 Kg3 84. Kg1 Kg4 85. Kf1 Kg3 86. Kg1 f2+ 87. Kf1 Kf3 1/2-1/2


[Site "https://www.chess.com"]

[Event "Titled Tuesday Blitz April 26 Late 2022"]
[White "Kujawski, Adam"]
[Black "Mickiewicz, Piotr"]
[WhiteFideId "1100920"]
[BlackFideId "1114891"]
[WhiteElo "2053"]
[BlackElo "2266"]
[Result "1-0"]
[Round "04"]
[TimeControl "180+1"]
[Date "2022.04.26"]
[WhiteClock "0:00:17"]
[BlackClock "0:00:01"]

1. e4 c5 2. Nf3 e6 3. d4 cxd4 4. Nxd4 Nf6 5. Nc3 d6 6. Bg5 h6 7. Bh4 a6 8. f4 g5 9. fxg5 hxg5 10. Bxg5 Be7 11. Qd3 Nbd7 12. O-O-O Qa5 13. Nf3 b5 14. Bxf6 Nxf6 15. e5 dxe5 16. Nxe5 b4 17. Nc6 Qg5+ 18. Kb1 Bb7 19. Nxe7 bxc3 20. Qxc3 Rh4 21. Qc7 Bd5 22. Nxd5 Nxd5 23. Qc6+ Ke7 24. Qxa8 Rb4 25. Rxd5 exd5 26. Bd3 Qe5 27. b3 Rf4 28. Qxa6 1-0


[Site "https://www.chess.com"]

[Event "Titled Tuesday Blitz April 26 Late 2022"]
[White "Kukula, Pawel"]
[Black "Pakleza, Zbigniew"]
[WhiteFideId "1115081"]
[BlackFideId "1119290"]
[WhiteElo "2152"]
[BlackElo "2467"]
[Result "0-1"]
[Round "04"]
[TimeControl "180+1"]
[Date "2022.04.26"]
[WhiteClock "0:00:21"]
[BlackClock "0:00:11"]

1. d4 d6 2. Nf3 Bg4 3. c4 Nd7 4. Nc3 e5 5. e3 Ngf6 6. Be2 Be7 7. Qc2 c6 8. O-O O-O 9. Rd1 Qc7 10. b3 Rfe8 11. Bb2 Bh5 12. Rac1 Bf8 13. b4 a6 14. Qb3 e4 15. Nd2 Bxe2 16. Nxe2 Qd8 17. Ng3 h5 18. d5 cxd5 19. cxd5 h4 20. Nf5 h3 21. gxh3 Ne5 22. Ng3 a5 23. b5 a4 24. Qc2 Nd3 25. Rb1 Nc5 26. Bd4 Rc8 27. Qb2 Nxd5 28. Kh1 Nd3 29. Qa3 Nxf2+ 30. Kg2 Nxd1 31. Rxd1 Qg5 32. Rf1 Rc2 33. Rf2 Rec8 34. Qxa4 Nxe3+ 35. Bxe3 Qxe3 36. Ndxe4 Rxf2+ 37. Nxf2 d5 38. Qg4 Rc2 39. Nh1 Qe4+ 40. Qxe4 dxe4 41. Kg3 Bd6+ 42. Kg4 e3 43. Ne4 e2 44. Nxd6 e1=Q 45. Ng3 Qe6+ 46. Ndf5 g6 47. Kg5 gxf5 48. Nxf5 Rc5 0-1


[Site "https://www.chess.com"]

[Event "Titled Tuesday Blitz April 26 Late 2022"]
[White "Lehtosaari, Mauri"]
[Black "D`Arruda, Ricardo D."]
[WhiteFideId "501999"]
[BlackFideId "100692"]
[WhiteElo "2525"]
[BlackElo "2381"]
[Result "1-0"]
[Round "04"]
[TimeControl "180+1"]
[Date "2022.04.26"]
[WhiteClock "0:00:11"]
[BlackClock "0:00:11"]

1. d4 Nf6 2. Nf3 d5 3. Bg5 c6 4. Nbd2 Nbd7 5. e3 e6 6. Bd3 Be7 7. c3 O-O 8. O-O h6 9. Bh4 Nh5 10. Bxe7 Qxe7 11. Ne5 Nhf6 12. f4 c5 13. g4 Ne8 14. Qf3 Nd6 15. Qg2 c4 16. Bc2 Rd8 17. Rae1 f6 18. Ng6 Qf7 19. h4 Nf8 20. Nxf8 Qxf8 21. e4 dxe4 22. Nxe4 Nxe4 23. Qxe4 f5 24. gxf5 exf5 25. Qe7 Bd7 26. Re5 Qxe7 27. Rxe7 Kf8 28. Rfe1 Re8 29. R7e5 g6 30. Kf2 h5 31. Rg1 Kf7 32. Rge1 b6 33. Bd1 Bc6 34. d5 Rxe5 35. Rxe5 Bd7 36. Ke3 Rc8 37. Kd4 Kf6 38. Be2 b5 39. d6 Rc6 40. Rxb5 Rxd6+ 41. Rd5 Re6 42. Bxc4 Re4+ 43. Kc5 Be6 44. Rd4 Bxc4 45. Rxc4 Re2 46. b4 Rxa2 47. Rd4 Rh2 48. Rd6+ Kf7 49. Ra6 Rxh4 50. Rxa7+ Kf6 51. b5 Rxf4 52. b6 Rf1 53. b7 Rb1 54. Ra6+ Ke5 55. Rb6 1-0


[Site "https://www.chess.com"]

[Event "Titled Tuesday Blitz April 26 Late 2022"]
[White "Licznerski, Lukasz"]
[Black "Stevens, Christian"]
[WhiteFideId "1179250"]
[BlackFideId "2604450"]
[WhiteElo "2422"]
[BlackElo "2545"]
[Result "0-1"]
[Round "04"]
[TimeControl "180+1"]
[Date "2022.04.26"]
[WhiteClock "0:00:05"]
[BlackClock "0:01:17"]

1. e4 c5 2. Nf3 e6 3. d4 cxd4 4. Nxd4 a6 5. Bd3 Bc5 6. Nb3 Be7 7. Qg4 g6 8. Qe2 Qc7 9. O-O d6 10. c4 Nc6 11. Nc3 Ne5 12. h3 Nf6 13. Bh6 b6 14. a4 Bf8 15. Bxf8 Kxf8 16. f4 Nxd3 17. Qxd3 Kg7 18. Rad1 Bb7 19. f5 exf5 20. exf5 Rhf8 21. Qxd6 Qxc4 22. Qxb6 Bxg2 23. Kxg2 Rab8 24. Nd2 Qxf1+ 25. Rxf1 Rxb6 26. fxg6 Rxb2 27. Rf2 0-1


[Site "https://www.chess.com"]

[Event "Titled Tuesday Blitz April 26 Late 2022"]
[White "Lorenzo De La Riva, Lazaro"]
[Black "Manukyan, Artyom"]
[WhiteFideId "2268809"]
[BlackFideId "13305786"]
[WhiteElo "2325"]
[BlackElo "2034"]
[Result "0-1"]
[Round "04"]
[TimeControl "180+1"]
[Date "2022.04.26"]
[WhiteClock "0:00:05"]
[BlackClock "0:01:13"]

1. e4 c5 2. Nc3 Nc6 3. Nge2 g6 4. d4 cxd4 5. Nxd4 Bg7 6. Be3 d6 7. Bc4 Nf6 8. f3 O-O 9. Bb3 Bd7 10. h4 Rc8 11. h5 Nxh5 12. Qd2 Qa5 13. g4 Nf6 14. O-O-O Rfe8 15. Kb1 Ne5 16. Rh2 Nc4 17. Bxc4 Rxc4 18. Rdh1 Rec8 19. Nde2 b5 20. Qd3 Be6 21. Nd5 Bxd5 22. exd5 Rxc2 23. Nc3 R2xc3 24. bxc3 Rxc3 25. Bd2 Qb4+ 26. Ka1 Nxd5 27. a3 Rxa3# 0-1


[Site "https://www.chess.com"]

[Event "Titled Tuesday Blitz April 26 Late 2022"]
[White "Makarian, Rudik"]
[Black "Martic, Ivan"]
[WhiteFideId "44105681"]
[BlackFideId "929301"]
[WhiteElo "2388"]
[BlackElo "2317"]
[Result "1-0"]
[Round "04"]
[TimeControl "180+1"]
[Date "2022.04.26"]
[WhiteClock "0:00:11"]
[BlackClock "0:00:15"]

1. d3 g6 2. g3 Bg7 3. Bg2 c5 4. c4 Nf6 5. Nc3 O-O 6. Bf4 Nc6 7. Qd2 Re8 8. Bh6 Bxh6 9. Qxh6 Nd4 10. Rc1 Qb6 11. b3 d6 12. Nf3 Qa5 13. Qd2 Nxf3+ 14. Bxf3 Rb8 15. h4 h5 16. Nd5 Qxd2+ 17. Kxd2 Kg7 18. Rb1 Nxd5 19. Bxd5 b5 20. Bc6 Rd8 21. Bxb5 a6 22. Bc6 Rb6 23. Bd5 e6 24. Bg2 d5 25. Kc3 d4+ 26. Kc2 a5 27. e3 e5 28. exd4 Rxd4 29. Rhe1 f6 30. Bd5 Bf5 31. Re3 Rb4 32. Kc3 a4 33. a3 Rxb3+ 34. Rxb3 axb3 35. a4 Bc8 36. Kxb3 Kf8 37. Kc3 Ke7 38. a5 Kd6 39. Re1 Kc7 40. Be4 f5 41. Bd5 Kd6 42. Rb1 e4 43. dxe4 fxe4 44. a6 Rd3+ 45. Kc2 Ra3 46. Rb6+ Ke5 47. Bb7 Bf5 48. Kb2 Ra4 49. Rb3 Be6 50. Ra3 Rb4+ 51. Ka1 Bxc4 52. a7 Rxb7 53. a8=Q Bd5 54. Qe8+ Kd4 55. Qh8+ Kc4 56. Qc3+ Kb5 57. Ra5+ Kb6 58. Qxc5# 1-0


[Site "https://www.chess.com"]

[Event "Titled Tuesday Blitz April 26 Late 2022"]
[White "Maltsevskaya, Aleksandra"]
[Black "Menna Barreto, Felipe Kubiaki"]
[WhiteFideId "24174041"]
[BlackFideId "2119757"]
[WhiteElo "2235"]
[BlackElo "2261"]
[Result "0-1"]
[Round "04"]
[TimeControl "180+1"]
[Date "2022.04.26"]
[WhiteClock "0:00:06"]
[BlackClock "0:00:38"]

1. Nf3 c5 2. e4 Nc6 3. d4 cxd4 4. Nxd4 Nf6 5. Nc3 h5 6. Bg5 Qa5 7. Bxf6 gxf6 8. Qd2 Bh6 9. Qd3 Ne5 10. Qd1 a6 11. Be2 Qb4 12. Nb3 h4 13. h3 d6 14. a3 Qb6 15. Nd5 Qd8 16. f4 Nc6 17. Bg4 e6 18. Ne3 Bxf4 19. Qf3 Bg3+ 20. Ke2 Ne5 21. Qf1 Bd7 22. Qd1 Qb6 23. Qd4 Qc7 24. c4 Rc8 25. Rac1 Ke7 26. Rhf1 Rh6 27. Nd2 Nc6 28. Qd3 Qb6 29. b4 Nd4+ 30. Kd1 Ba4+ 31. Nc2 Nxc2 32. Rxc2 a5 33. Ke2 Bxc2 34. Qxc2 axb4 35. axb4 Qxb4 36. Rb1 Qc5 37. Rxb7+ Kf8 38. Qd3 Qf2+ 39. Kd1 Qe1+ 40. Kc2 Kg7 41. Bxe6 Rf8 42. Qd5 Bf4 43. Nf3 Qe2+ 44. Kb3 Qxg2 45. Nd4 Qf1 46. Bxf7 Qb1+ 47. Kc3 Qc1+ 48. Nc2 Be5+ 49. Kb3 Qb1+ 50. Ka4 Ra8+ 51. Qa5 Rxa5+ 52. Kxa5 Qa2+ 53. Kb5 Qxc2 54. c5 Qxc5+ 55. Ka6 Qc6+ 56. Ka7 Qxb7+ 57. Kxb7 Kxf7 0-1


[Site "https://www.chess.com"]

[Event "Titled Tuesday Blitz April 26 Late 2022"]
[White "Mangialardo, Tiago Carvalho"]
[Black "Zanette, Edgard Vinicius"]
[WhiteFideId "2130718"]
[BlackFideId "2109263"]
[WhiteElo "2077"]
[BlackElo "2182"]
[Result "0-1"]
[Round "04"]
[TimeControl "180+1"]
[Date "2022.04.26"]
[WhiteClock "0:00:48"]
[BlackClock "0:01:22"]

1. e4 e5 2. Nf3 Nc6 3. Bb5 a6 4. Ba4 Nf6 5. O-O Be7 6. c3 Nxe4 7. Bxc6 dxc6 8. Nxe5 O-O 9. d4 Bf5 10. Nd2 Nxd2 11. Bxd2 c5 12. Qf3 Bc8 13. d5 Bd6 14. Bf4 Qf6 15. Rfe1 Bf5 16. g4 Bg6 17. g5 Qf5 18. h4 Rae8 19. Nxg6 Rxe1+ 20. Rxe1 fxg6 0-1


[Site "https://www.chess.com"]

[Event "Titled Tuesday Blitz April 26 Late 2022"]
[White "Martin Barcelo, Carles"]
[Black "Nazaretyan, Tigran"]
[WhiteFideId "24561444"]
[BlackFideId "24162345"]
[WhiteElo "1875"]
[BlackElo "2225"]
[Result "1/2-1/2"]
[Round "04"]
[TimeControl "180+1"]
[Date "2022.04.26"]
[WhiteClock "0:00:40"]
[BlackClock "0:01:10"]

1. e4 c5 2. Nf3 Nc6 3. Bb5 g6 4. Bxc6 dxc6 5. d3 Bg7 6. h3 Nf6 7. O-O Nd7 8. Nc3 e5 9. Be3 b6 10. Nd2 Nf8 11. f4 exf4 12. Bxf4 Ne6 13. Bg3 Qg5 14. Kh2 Nd4 15. Nf3 Nxf3+ 16. Rxf3 O-O 17. Qe2 Be6 18. e5 Bd5 19. Rff1 Rae8 20. Rae1 f5 21. Nxd5 cxd5 22. Bf4 Qe7 23. Qd2 Qc7 24. d4 cxd4 25. Qxd4 Qc4 26. Rd1 Qxd4 27. Rxd4 Bxe5 28. Rxd5 Bxf4+ 29. Rxf4 Re2 30. Rc4 f4 31. Rd7 f3 32. Rcc7 Rxg2+ 33. Kh1 Rf5 34. Rd8+ Rf8 35. Rdd7 Rf4 36. Rd8+ Rf8 37. Rdd7 1/2-1/2


[Site "https://www.chess.com"]

[Event "Titled Tuesday Blitz April 26 Late 2022"]
[White "Martinez Alcantara, Jose Eduardo"]
[Black "Moussard, Jules"]
[WhiteFideId "3805662"]
[BlackFideId "642908"]
[WhiteElo "2690"]
[BlackElo "2589"]
[Result "1/2-1/2"]
[Round "04"]
[TimeControl "180+1"]
[Date "2022.04.26"]
[WhiteClock "0:00:21"]
[BlackClock "0:00:53"]

1. e4 e5 2. Nf3 Nf6 3. d4 Nxe4 4. dxe5 d5 5. Nbd2 Nc5 6. Be2 Be7 7. O-O O-O 8. Re1 Bg4 9. Nd4 Bxe2 10. Qxe2 Ne6 11. Nf5 Bg5 12. Nf3 Bxc1 13. Raxc1 Nc6 14. Rcd1 Qd7 15. c4 d4 16. Qe4 Rad8 17. a3 a5 18. Qg4 Kh8 19. Qh4 Kg8 20. Qg3 g6 21. Nh6+ Kh8 22. Ng4 Qe7 23. Nf6 Ng7 24. Qh4 Nh5 25. g4 Nxe5 26. Rxe5 Qxf6 27. Rxh5 Qxf3 28. Rxh7+ Kg8 29. Re1 Qf4 30. Rh8+ Kg7 31. Rh7+ Kg8 1/2-1/2


[Site "https://www.chess.com"]

[Event "Titled Tuesday Blitz April 26 Late 2022"]
[White "Mayaud, Raphael"]
[Black "Potapova, Margarita"]
[WhiteFideId "627151"]
[BlackFideId "14126869"]
[WhiteElo "2191"]
[BlackElo "2216"]
[Result "1/2-1/2"]
[Round "04"]
[TimeControl "180+1"]
[Date "2022.04.26"]
[WhiteClock "0:00:12"]
[BlackClock "0:00:07"]

1. d4 Nf6 2. Bg5 d5 3. Bxf6 exf6 4. e3 Bd6 5. g3 O-O 6. Bg2 c6 7. Ne2 Re8 8. Nd2 Nd7 9. c4 dxc4 10. Nxc4 Bc7 11. O-O f5 12. Nc3 Nf6 13. d5 cxd5 14. Nxd5 Nxd5 15. Qxd5 Be6 16. Qxd8 Rexd8 17. b3 Rab8 18. Rfd1 b5 19. Nd2 Kf8 20. Nf3 Bb6 21. Nd4 Bxd4 22. Rxd4 Ke7 23. Rad1 Rdc8 24. Bd5 Bd7 25. Bxf7 Rc7 26. Bd5 Be6 27. Bxe6 Kxe6 28. Rd6+ Ke7 29. R6d5 Ke6 30. R1d2 a5 31. a4 bxa4 32. bxa4 Ra7 33. R2d4 g6 34. Rc5 Rb6 35. Rdd5 Rba6 36. Rb5 Kf6 37. Kg2 Ke6 38. h4 Kf6 39. Rdc5 Ke6 40. h5 Kf6 41. Rc8 Kg5 42. hxg6 hxg6 43. Rcc5 Kf6 44. Rc8 Rd6 45. Rcc5 Rda6 46. Rd5 Ke6 47. Kf3 Kf6 48. g4 fxg4+ 49. Kxg4 Ra8 50. e4 Rc8 51. Rxa5 Re6 52. f3 Rc1 53. Rab5 Rg1+ 54. Kf4 Rc6 55. a5 Rc3 56. Rb6+ Kg7 57. a6 Rf1 58. a7 Rfxf3+ 59. Ke5 Ra3 60. Rd7+ Kh6 61. Rb8 Ra5+ 62. Ke6 Rfa3 63. Rbb7 Kg5 64. e5 Kf4 65. Kf6 Rxe5 66. Rd4+ Re4 67. Rxe4+ Kxe4 68. Kxg6 Kd5 69. Kf6 Kc6 70. Rg7 Kb6 71. Ke6 Rxa7 72. Rxa7 Kxa7 1/2-1/2


[Site "https://www.chess.com"]

[Event "Titled Tuesday Blitz April 26 Late 2022"]
[White "Meduri, Aakaash"]
[Black "Leitao, Rafael"]
[WhiteFideId "2032252"]
[BlackFideId "2101246"]
[WhiteElo "2096"]
[BlackElo "2609"]
[Result "1-0"]
[Round "04"]
[TimeControl "180+1"]
[Date "2022.04.26"]
[WhiteClock "0:00:08"]
[BlackClock "0:00:14"]

1. d4 Nf6 2. Bf4 e6 3. e3 b6 4. Nf3 Bb7 5. Nbd2 Be7 6. a4 a6 7. h3 O-O 8. Bd3 c5 9. c3 Nc6 10. O-O d5 11. Ne5 Nxe5 12. Bxe5 c4 13. Bc2 Ne4 14. f3 Nxd2 15. Qxd2 Bd6 16. Bxd6 Qxd6 17. e4 dxe4 18. fxe4 e5 19. Rad1 Rad8 20. d5 b5 21. Qf2 f6 22. axb5 axb5 23. Ra1 Ra8 24. Qe3 f5 25. Rxa8 Bxa8 26. Qa7 f4 27. Bd1 Qb8 28. Qd7 Qb6+ 29. Kh1 Rd8 30. Qe7 Qd6 31. Qa7 Qb8 32. Qe7 Qd6 33. Qa7 Qb8 34. Qc5 Rc8 35. Qe7 Qc7 36. Qe6+ Kh8 37. Bg4 Rd8 38. Ra1 Qb8 39. Ra6 b4 40. cxb4 c3 41. bxc3 Qb5 42. Ra1 Qd3 43. Qxe5 Rf8 44. Ra7 Qf1+ 45. Kh2 Rg8 46. Rf7 Qe1 47. Rxf4 1-0


[Site "https://www.chess.com"]

[Event "Titled Tuesday Blitz April 26 Late 2022"]
[White "Melikhov, Evgeny V."]
[Black "Akrakan"]
[WhiteFideId "4122046"]
[WhiteElo "1931"]
[BlackElo "2101"]
[Result "0-1"]
[Round "04"]
[TimeControl "180+1"]
[Date "2022.04.26"]
[WhiteClock "0:01:10"]
[BlackClock "0:01:56"]

1. d4 d5 2. c4 e6 3. Nc3 Nf6 4. cxd5 exd5 5. Bg5 Be7 6. e3 O-O 7. Bd3 c6 8. Qc2 Nbd7 9. Nf3 Re8 10. O-O Ne4 11. Bxe4 Bxg5 12. Bxh7+ Kh8 13. Bd3 Bf6 14. b4 g6 15. Na4 Kg7 16. Nc5 Rh8 17. h3 Nxc5 18. bxc5 Qc7 19. Rfe1 Bxh3 20. gxh3 Rxh3 21. Ne5 Bxe5 22. dxe5 Qxe5 23. Kf1 Rah8 24. Rab1 Qh5 25. Qc3+ Kg8 0-1


[Site "https://www.chess.com"]

[Event "Titled Tuesday Blitz April 26 Late 2022"]
[White "Melkumyan, Hrant"]
[Black "Li, Ben"]
[WhiteFideId "13302485"]
[BlackFideId "2089980"]
[WhiteElo "2604"]
[BlackElo "2267"]
[Result "1-0"]
[Round "04"]
[TimeControl "180+1"]
[Date "2022.04.26"]
[WhiteClock "0:00:12"]
[BlackClock "0:00:02"]

1. d4 d5 2. c4 c6 3. Nc3 Nf6 4. e3 e6 5. Nf3 Nbd7 6. Be2 b6 7. O-O Bb7 8. Qc2 Rc8 9. e4 dxe4 10. Nxe4 Nxe4 11. Qxe4 Bd6 12. Rd1 O-O 13. c5 bxc5 14. dxc5 Nxc5 15. Qg4 Qe7 16. Be3 e5 17. Ng5 h6 18. Bc4 Rcd8 19. b4 Nd7 20. Ne4 Nf6 21. Nxf6+ Qxf6 22. a3 Bc8 23. Qe4 Bf5 24. Qxc6 e4 25. g3 Bg4 26. Rdc1 Bf3 27. Bf1 Qf5 28. Qb5 Qg6 29. Bxa7 h5 30. Be3 h4 31. Qg5 hxg3 32. fxg3 Qe6 33. b5 Be5 34. Rab1 Bf6 35. Qc5 Rc8 36. Qb4 Rxc1 37. Rxc1 Rb8 38. b6 Qd5 39. a4 Be5 40. a5 f5 41. Qd2 Qxd2 42. Bc4+ Kh7 43. Bxd2 Bd4+ 44. Kf1 e3 45. Bc3 Rc8 46. Bxd4 e2+ 47. Ke1 Ra8 48. Bc3 Rd8 49. Bxe2 Re8 50. Rc2 Be4 51. Rb2 Rc8 52. Bd2 Rd8 53. Kf2 Rc8 54. Be3 Rc3 55. a6 Rc2 56. Rxc2 1-0


[Site "https://www.chess.com"]

[Event "Titled Tuesday Blitz April 26 Late 2022"]
[White "Mikhailov, Viacheslav"]
[Black "Ferreira, Vitor Hugo Vieira"]
[WhiteFideId "4187369"]
[BlackFideId "2119765"]
[WhiteElo "2736"]
[BlackElo "2507"]
[Result "1-0"]
[Round "04"]
[TimeControl "180+1"]
[Date "2022.04.26"]
[WhiteClock "0:01:23"]
[BlackClock "0:00:24"]

1. Nf3 Nf6 2. g3 g6 3. Bg2 Bg7 4. O-O O-O 5. c4 c5 6. Nc3 Nc6 7. d4 cxd4 8. Nxd4 Nxd4 9. Qxd4 d6 10. b3 Ne4 11. Qxe4 Bxc3 12. Bh6 Bxa1 13. Bxf8 Kxf8 14. Rxa1 Qa5 15. Qe3 Qe5 16. Qxe5 dxe5 17. Rd1 Ke8 18. c5 Rb8 19. b4 Bd7 20. a3 Bc6 21. a4 Bxa4 22. Ra1 Bc6 23. Rxa7 Bxg2 24. Kxg2 Kd7 25. b5 Ke6 26. e4 Rc8 27. Rxb7 Rxc5 28. b6 Rb5 29. Rb8 h5 30. h4 Rb4 31. b7 Rb2 32. Kf1 Rb4 33. f3 Rb2 34. Ke1 Kf6 35. f4 exf4 36. gxf4 Ke6 37. Kd1 Rb4 38. Kc2 Kd7 39. Kc3 Rb1 40. Kc4 Rc1+ 41. Kd3 Rb1 42. f5 gxf5 43. exf5 Kc7 44. Re8 Rxb7 45. Rxe7+ Kc6 46. Rxb7 Kxb7 47. Ke4 Kc6 48. Ke5 Kc5 49. Kf6 Kd5 50. Kxf7 Ke5 51. Kg6 1-0


[Site "https://www.chess.com"]

[Event "Titled Tuesday Blitz April 26 Late 2022"]
[White "Moiseenko, Alexander"]
[Black "Barria Zuniga, Daniel"]
[WhiteFideId "14102560"]
[BlackFideId "3400816"]
[WhiteElo "2577"]
[BlackElo "2414"]
[Result "1-0"]
[Round "04"]
[TimeControl "180+1"]
[Date "2022.04.26"]
[WhiteClock "0:01:36"]
[BlackClock "0:01:12"]

1. d4 d5 2. c4 c6 3. Nc3 Nf6 4. Nf3 dxc4 5. a4 Na6 6. e4 Bg4 7. Bxc4 e6 8. O-O Nb4 9. Be3 Be7 10. h3 Bh5 11. Qe2 O-O 12. Rad1 Qa5 13. Bf4 Rad8 14. g4 Bg6 15. Ne5 c5 16. Bb5 Na6 17. Bxa6 Qxa6 18. Qxa6 bxa6 19. Nc6 Rde8 20. Nxe7+ Rxe7 21. Bd6 1-0


[Site "https://www.chess.com"]

[Event "Titled Tuesday Blitz April 26 Late 2022"]
[White "Moraes, Nelson da Silva"]
[Black "Lin, Dachey"]
[WhiteFideId "2140772"]
[BlackFideId "2029650"]
[WhiteElo "2515"]
[BlackElo "2796"]
[Result "0-1"]
[Round "04"]
[TimeControl "180+1"]
[Date "2022.04.26"]
[WhiteClock "0:00:06"]
[BlackClock "0:01:37"]

1. e4 g6 2. d4 Bg7 3. Nc3 d5 4. Nf3 dxe4 5. Nxe4 Nd7 6. Ng3 Ngf6 7. Bd3 c6 8. O-O O-O 9. h3 c5 10. Re1 cxd4 11. Nxd4 Nc5 12. Bf1 e5 13. Nf3 e4 14. Qxd8 Rxd8 15. Nd2 Re8 16. Bb5 Re7 17. Nb3 Nfd7 18. Bg5 f6 19. Bc4+ Kh8 20. Be3 Nxb3 21. Bxb3 f5 22. c3 Ne5 23. Rad1 Bd7 24. Bg5 Ree8 25. Bf4 Nd3 26. Rf1 Bc6 27. Bc1 a5 28. a4 Nc5 29. Bd5 Bxa4 30. Rde1 Rad8 31. Ba2 Nd3 32. Re2 Bb5 33. c4 Bc6 34. Bg5 Rd7 35. Rd2 h6 36. Be3 f4 37. Rxd3 exd3 38. Bxf4 d2 39. Rd1 Red8 40. Kf1 Bxb2 41. Bb1 Ba4 0-1


[Site "https://www.chess.com"]

[Event "Titled Tuesday Blitz April 26 Late 2022"]
[White "Moskalenko, Alexander"]
[Black "Mikhalsky, Vladimir"]
[WhiteFideId "4155351"]
[BlackFideId "14144352"]
[WhiteElo "2434"]
[BlackElo "2301"]
[Result "1-0"]
[Round "04"]
[TimeControl "180+1"]
[Date "2022.04.26"]
[WhiteClock "0:00:32"]
[BlackClock "0:00:07"]

1. e4 g6 2. d4 Bg7 3. Nc3 d6 4. f4 Nf6 5. Nf3 O-O 6. Bd3 Nfd7 7. h4 c5 8. d5 e6 9. dxe6 fxe6 10. h5 gxh5 11. Ng5 Nf6 12. e5 dxe5 13. fxe5 Qc7 14. Qe2 c4 15. Bxh7+ Nxh7 16. Nxh7 Rf5 17. Rxh5 Rxh5 18. Qxh5 Qxe5+ 19. Qxe5 Bxe5 20. Ng5 Nc6 21. Nf3 Bg3+ 22. Ke2 e5 23. Ne4 Bf4 24. Bxf4 exf4 25. Nf6+ Kf7 26. Nd5 Bg4 27. c3 Re8+ 28. Kf2 Ne5 29. Nxe5+ Rxe5 30. Nxf4 Rb5 31. b4 cxb3 32. axb3 Rxb3 33. Rxa7 Rxc3 34. Rxb7+ Kf8 35. Ng6+ Ke8 36. Ne5 Be6 37. Ra7 Rc2+ 38. Kg3 Bd5 39. Nf3 Rc3 40. Kf4 Bc6 41. Rc7 Kd8 42. Rg7 Rc4+ 43. Ke5 Rc2 44. Nd4 Rc5+ 45. Ke6 Be4 46. Kf6 Rd5 47. Ne6+ Kc8 48. g4 Rd6 49. Ke5 1-0


[Site "https://www.chess.com"]

[Event "Titled Tuesday Blitz April 26 Late 2022"]
[White "Muradli, Mahammad"]
[Black "Araujo Sanchez, Josue"]
[WhiteFideId "13409301"]
[BlackFideId "6416896"]
[WhiteElo "2611"]
[BlackElo "2339"]
[Result "1-0"]
[Round "04"]
[TimeControl "180+1"]
[Date "2022.04.26"]
[WhiteClock "0:00:06"]
[BlackClock "0:00:17"]

1. Nf3 c5 2. c4 Nc6 3. Nc3 Nf6 4. g3 g6 5. Bg2 Bg7 6. O-O O-O 7. d4 cxd4 8. Nxd4 Qb6 9. Nb3 d6 10. Be3 Qd8 11. Qd2 Ne5 12. c5 Nc4 13. Qd4 Nxe3 14. Qxe3 dxc5 15. Nxc5 Ng4 16. Qf4 Qb6 17. N3a4 Qb5 18. Rac1 Ne5 19. Rfd1 Bg4 20. Rd2 Rad8 21. Rxd8 Rxd8 22. Nxb7 Rd4 23. Qxd4 Nf3+ 24. Bxf3 Bxd4 25. Bxg4 Qxa4 26. Bf3 Qxa2 27. b4 Qb2 28. Rc4 Bb6 29. Nc5 e6 30. Kg2 Qa2 31. Rc3 Qa1 32. Rc4 Qa2 33. Rc3 Qd2 34. Rc4 h5 35. Nd3 Kg7 36. h4 Qa2 37. Rc8 Qa1 38. Rb8 Qd4 39. Rb7 Qd6 40. b5 e5 41. Bc6 Qe6 42. e3 Qf5 43. Nb4 e4 44. Nd5 Qf3+ 45. Kg1 Bc5 46. Nf4 Bxe3 47. fxe3 Qxe3+ 48. Kg2 Qd2+ 49. Kh3 Qe1 50. Kg2 Qd2+ 51. Kh3 Qd3 52. Nxd3 exd3 53. Rd7 1-0


[Site "https://www.chess.com"]

[Event "Titled Tuesday Blitz April 26 Late 2022"]
[White "Naroditsky, Daniel"]
[Black "Jacobson, Aaron"]
[WhiteFideId "2026961"]
[BlackFideId "2089912"]
[WhiteElo "2608"]
[BlackElo "2265"]
[Result "1-0"]
[Round "04"]
[TimeControl "180+1"]
[Date "2022.04.26"]
[WhiteClock "0:02:04"]
[BlackClock "0:00:02"]

1. d4 d5 2. Nc3 c5 3. e4 dxe4 4. d5 Nf6 5. Bf4 a6 6. f3 exf3 7. Nxf3 g6 8. Qd2 Bg7 9. O-O-O O-O 10. Bh6 b5 11. Bxg7 Kxg7 12. h4 h5 13. Ng5 Bf5 14. Bd3 Bxd3 15. Qxd3 Qd6 16. Kb1 Nbd7 17. Rhe1 Nb6 18. Nce4 c4 19. Qd4 Qxd5 20. Qxb6 Qf5 21. Nc3 Rab8 22. Qe3 b4 23. Nce4 b3 24. axb3 cxb3 25. cxb3 Rb4 26. Rd4 Rb7 27. Qd3 Rfb8 28. Nxf6 exf6 29. Qxf5 gxf5 30. Nh3 Rxb3 31. Re2 a5 32. Nf4 Kh6 33. Rd6 a4 34. Rxf6+ Kh7 35. Ka2 a3 36. bxa3 Rg3 37. Rxf7+ Kh8 38. Rxf5 Kh7 39. Rxh5+ Kg7 40. Rg5+ Rxg5 41. hxg5 Kh7 42. g6+ Kh6 43. Re7 Rf8 44. g7 Rc8 45. a4 Kh7 46. Nd5 Rc2+ 47. Kb3 Rf2 48. a5 Kg8 49. a6 Kh7 50. a7 Rf1 51. a8=Q Rb1+ 52. Kc2 Kh6 53. Qh8+ Kg5 54. g8=Q+ Kf5 55. Qe5# 1-0


[Site "https://www.chess.com"]